 Dungeon Sprint DCSS version 0.31-a0-18-gea43df2a32 (webtiles) character file.

Game seed: 3904073800792726495

724 sircluck the Unseen (level 8, -4/52 HPs)
             Began as a Kobold Brigand on May 9, 2023.
             Was a High Priest of Dithmenos.
             Slain by a spriggan rider
             ... wielding a +0 spear
              (9 damage)
             ... in the Dungeon (Sprint VII: "The Pits").
             The game lasted 00:03:18 (561 turns).

sircluck the Unseen (Kobold Brigand)                 Turns: 561, Time: 00:03:18

Health: -4/52      AC:  3    Str:  8    XL:     8   Next: 2%
Magic:  8/8        EV: 19    Int: 13    God:    Dithmenos [*****.]
Gold:   0          SH:  0    Dex: 18    Spells: 7/7 levels left

rFire   . . .        a - +2 dagger
rCold   . . .        (no shield)
rNeg    . . .        b - +0 robe
rPois   .            (no helmet)
rElec   .            c - +0 cloak
rCorr   .            (no gloves)
SInv    .            (no boots)
Will    .....        (no amulet) Stlth **++++++++
                     (no ring)
HPRegen 0.28/turn    (no ring)
MPRegen 0.11/turn

%: no teleportation
@: wreathed by umbra
A: small, no large weapons, nightstalker 3
a: Renounce Religion, Shadow Step, Shadow Form


You were in the Dungeon.
You worshipped Dithmenos.
Dithmenos was extremely pleased with you.
You visited 1 branch

Inventory:

Hand Weapons
 a - a +2 dagger (weapon)
Missiles
 d - 4 poisoned darts (quivered)
 e - 3 curare-tipped darts
 o - 15 stones
Armour
 b - a +0 robe (worn)
 c - a +0 cloak (worn)
 p - a +3 scale mail
Scrolls
 m - 5 scrolls of amnesia
 n - a scroll of butterflies
Potions
 f - 6 potions of curing
 g - 5 potions of heal wounds
 h - a potion of haste
 i - 4 potions of magic
 j - 3 potions of berserk rage
 l - 2 potions of invisibility


   Skills:
 + Level 6.9 Fighting
 + Level 12.1 Short Blades
 + Level 3.4 Throwing
 + Level 7.1 Dodging
 + Level 15.3 Stealth


You had 7 spell levels left.
You didn't know any spells.
Your spell library was empty.

Dungeon Overview and Level Annotations

Branches:
Dungeon (1/1)

Altars:
Ashenzari
Cheibriados
Dithmenos
Elyvilon
Fedhas
Gozag
Hepliaklqana
Kikubaaqudgha
Makhleb
Nemelex Xobeh
Okawaru
Qazlal
Ru
Sif Muna
Trog
Uskayaw
Vehumet
Wu Jian
Xom
Yredelemnul
Zin
The Shining One
Jiyva
Lugonu


Innate Abilities, Weirdness & Mutations

You are small and have problems with some larger weapons.
You are completely attuned to the shadows.


Message History

The ball python is moderately wounded.
You throw a poisoned dart. The poisoned dart hits the ball python.
The ball python looks even sicker.
The ball python is severely wounded.
You kill the ball python!
Dithmenos accepts your kill.
Things that are here:
a +0 scythe; a +0 robe
There is an open door here.
You throw a poisoned dart.
The poisoned dart hits the snapping turtle!
The snapping turtle is poisoned.
You throw a poisoned dart.
The poisoned dart hits the snapping turtle.
The snapping turtle looks even sicker.
The snapping turtle bites you from afar!
The snapping turtle barely misses you.
You hit the snapping turtle but do no damage.
The snapping turtle is lightly wounded.
You hit the snapping turtle but do no damage.
The snapping turtle is lightly wounded.
The snapping turtle completely misses you.
The spriggan rider shouts!
You hit the snapping turtle but do no damage.
The snapping turtle is lightly wounded.
The spriggan rider hits you from afar with a +0 spear!!
You emit a cloud of dark smoke.
Unknown command.
Blink to where?
Press: ? - help, Q - select action, (/) - cycle Dir - move target, p - snapping turtle
As you read the scroll of blinking, it crumbles to dust.
The snapping turtle bites you from afar.
* * * LOW HITPOINT WARNING * * *
The spriggan rider closely misses you.
Unknown command.
The spriggan rider hits you with a +0 spear!
* * * LOW HITPOINT WARNING * * *
The spriggan rider hits you but does no damage.
The spriggan rider hits you from afar with a +0 spear!
You die...

#.#).+..'.†#####'#
#.##'####)###.....
#.#........##.....
#.#........##.....
#.#####'#####...<.
#.#...)))..##.....
#.#...)))[.##.....
#'###########.....
#@......#††#######
#..###..#.#####
#i§§....#.#..(.
##§###.##'#.(..
#§§§)...#.'(...
#§§###..#'#....
#§§§....()#..i.
###############


You could see a spriggan rider.

Vanquished Creatures
  A blink frog (D)
  Sigmund (D)
  A fire bat (D)
  A floating eye (D)
  A necrophage (D)
  An iron imp (D)
  An iguana (D)
  A gnoll (D)
  A river rat (D)
  A worm (D)
  A bat zombie (D)
  An endoplasm (D)
  2 giant cockroaches (D)
  6 jackals (D)
  3 kobolds (D)
  A ball python (D)
  A ball python skeleton (D)
  A frilled lizard (D)
  A rat (D)
27 creatures vanquished.

Notes
Turn   | Place    | Note
-------+----------+-------------------------------------------
     0 | D        | sircluck the Kobold Brigand began the quest for the Orb.
     0 | D        | Reached XP level 1. HP: 12/12 MP: 1/1
    44 | D        | Reached skill level 7 in Stealth
    44 | D        | Reached XP level 2. HP: 11/18 MP: 2/2
    71 | D        | Found a bloodstained altar of Trog.
    71 | D        | Found a shimmering blue altar of Sif Muna.
    71 | D        | Found a viscous altar of Jiyva.
    71 | D        | Found a hazy altar of Hepliaklqana.
    71 | D        | Found an opulent altar of Gozag.
    72 | D        | Found a glowing golden altar of the Shining One.
    72 | D        | Found a glowing silver altar of Zin.
    72 | D        | Found a sacrificial altar of Ru.
    72 | D        | Found a stormy altar of Qazlal.
    72 | D        | Found a blossoming altar of Fedhas.
    75 | D        | Found an iron altar of Okawaru.
    75 | D        | Found a basalt altar of Yredelemnul.
    75 | D        | Found a white marble altar of Elyvilon.
    76 | D        | Found a sparkling altar of Nemelex Xobeh.
    76 | D        | Found a shimmering altar of Xom.
    76 | D        | Found a shadowy altar of Dithmenos.
    78 | D        | Found a snail-covered altar of Cheibriados.
    78 | D        | Found a burning altar of Makhleb.
    78 | D        | Found an ornate altar of the Wu Jian Council.
    79 | D        | Found a corrupted altar of Lugonu.
    79 | D        | Found a radiant altar of Vehumet.
    80 | D        | Found a broken altar of Ashenzari.
    80 | D        | Found an ancient bone altar of Kikubaaqudgha.
    80 | D        | Found a hide-covered altar of Uskayaw.
    82 | D        | Became a worshipper of Dithmenos the Shadowed
   112 | D        | Reached * piety under Dithmenos
   121 | D        | Reached skill level 8 in Stealth
   144 | D        | Noticed a floating eye
   149 | D        | Reached ** piety under Dithmenos
   152 | D        | Paralysed by a floating eye for 2 turns
   159 | D        | Paralysed by a floating eye for 3 turns
   165 | D        | Killed a floating eye
   166 | D        | Reached skill level 11 in Stealth
   166 | D        | Reached XP level 3. HP: 10/24 MP: 3/3
   166 | D        | Reached XP level 4. HP: 12/29 MP: 4/4
   166 | D        | Reached XP level 5. HP: 14/33 MP: 5/5
   169 | D        | Reached *** piety under Dithmenos
   294 | D        | Reached skill level 12 in Stealth
   327 | D        | Reached **** piety under Dithmenos
   328 | D        | Noticed a fire bat
   346 | D        | Reached XP level 6. HP: 32/40 MP: 6/6
   360 | D        | Killed a fire bat
   361 | D        | Reached skill level 5 in Fighting
   361 | D        | Reached skill level 5 in Dodging
   361 | D        | Reached skill level 13 in Stealth
   508 | D        | Reached ***** piety under Dithmenos
   510 | D        | Noticed Sigmund
   512 | D        | Killed Sigmund
   513 | D        | Reached skill level 10 in Short Blades
   513 | D        | Reached skill level 14 in Stealth
   513 | D        | Reached XP level 7. HP: 47/47 MP: 7/7
   513 | D        | Noticed a blink frog
   515 | D        | Killed a blink frog
   516 | D        | Reached skill level 15 in Stealth
   520 | D        | Reached XP level 8. HP: 52/52 MP: 8/8
   532 | D        | Noticed a spriggan rider
   533 | D        | Noticed a snapping turtle
   561 | D        | Slain by a spriggan rider

Illustrated notes

Levels and vault maps discovered:
D:        pitsprint [storerooms_1, entrance_room_1, metal_vault_6, armoury_1,
          mini_pit_1, grid_room_1, main_hall_1, silver_pit, the_coven_3,
          the_vestibule_1, steel_vault_2, golden_pit, hallway_of_sentries,
          crystal_vault_1, iron_vault_4, final_vault]

Skill      XL: |  1  2  3  4  5  6  7 |
---------------+----------------------+-----
Short Blades   | 3 6 8 10 12 | 12.1
Stealth        | 7 11 12 14 15 | 15.3
Fighting       | 3 4 6 |  6.9
Throwing       | 3 |  3.4
Dodging        | 3 4 6 7 |  7.1

Action                     |  1- 3 |  4- 6 |  7- 9 || total
---------------------------+-------+-------+-------++-------
  Melee: Dagger            |    43 |    59 |    12 ||   114
         Punch             |     1 |     1 |       ||     2
  Throw: Dart              |       |       |     5 ||     5
    Use: Potion            |       |     1 |       ||     1
         Scroll            |       |       |     1 ||     1
   Stab: Sleeping          |     2 |     5 |     3 ||    10
 Armour: Robe              |    12 |     3 |     1 ||    16
  Dodge: Dodged            |    28 |    28 |     8 ||    64

Table legend: (Time is in decaauts)
 A = Elapsed time spent in this place.
 B = Non-inter-level travel time spent in this place.
 C = Inter-level travel time spent in this place.
 D = Time resting spent in this place.
 E = Time spent auto-exploring this place.
 F = Levels seen in this place.
 G = Mean time per level.
                   A        B        C        D        E       F      G
               +--------+--------+--------+--------+--------+-----+--------+
         Total |    525 |    504 |     21 |      0 |    256 |   1 |  525.0 |
       Dungeon |    525 |    504 |     21 |      0 |    256 |   1 |  525.0 |
               +--------+--------+--------+--------+--------+-----+--------+

Top non-repeatable levels by time:
       D: 525 daAuts
